 Dungeon Crawl Stone Soup version 0.23.2-1-ga50397a6bc (webtiles) character file.

Game seed: 1093449195086513495

67 MisterOstroum the Magician (level 4, 0/24 HPs)
             Began as a Deep Elf Ice Elementalist on May 6, 2019.
             Shot with an arrow by a centaur (3 damage)
             ... on level 3 of the Dungeon.
             The game lasted 00:14:16 (2422 turns).

MisterOstroum the Magician (DEIE)                   Turns: 2422, Time: 00:14:17

Health: 0/24       AC:  2    Str:  5    XL:     4   Next: 0%
Magic:  1/12       EV: 13    Int: 21    God:
Gold:   112        SH:  0    Dex: 15    Spells: 5/11 levels left

rFire    . . .     SeeInvis .   b - +0 short sword
rCold    . . .     Gourm    .   (no shield)
rNeg     . . .     Faith    .   a - +0 robe
rPois    .         Spirit   .   (no helmet)
rElec    .         Reflect  .   (no cloak)
rCorr    .         Harm     .   (no gloves)
MR       .....                  (no boots)
Stlth    ++........             (no amulet)
HPRegen  0.08/turn              (no ring)
MPRegen  0.13/turn              (no ring)

@: no status effects
A: no striking features
a: no special abilities


You were on level 3 of the Dungeon.
You were not hungry.

You visited 1 branch of the dungeon, and saw 3 of its levels.

You collected 112 gold pieces.

Inventory:

Hand Weapons
 b - a +0 short sword (weapon)
Missiles
 f - 158 stones (quivered)
Armour
 a - a +0 robe (worn)
 g - a +0 buckler
 i - a scarf of spirit shield
 p - a cursed +0 leather armour
Jewellery
 m - a +1 ring of evasion {unknown}
Scrolls
 c - 3 scrolls of remove curse {unknown}
 k - 3 scrolls of teleportation {unknown}
 o - a scroll of identify {unknown}
 q - a scroll of immolation {unknown}
Potions
 d - a potion of brilliance {unknown}
 h - a potion of resistance {unknown}
 j - a potion of berserk rage {unknown}
 l - 3 potions of curing {unknown}
 n - a potion of heal wounds {unknown}
 r - 2 potions of mutation {unknown}
Comestibles
 e - 6 rations
 s - 3 chunks of flesh


   Skills:
 - Level 2.4 Dodging
 - Level 2.4 Stealth
 + Level 4.2 Spellcasting
 + Level 2.2 Conjurations
 + Level 4.2 Ice Magic


You had 5 spell levels left.
You knew the following spells:

 Your Spells              Type           Power        Failure   Level  Hunger
a - Freeze                Ice            ###.         1%          1    None
b - Throw Frost           Conj/Ice       ###...       4%          2    #......
c - Ozocubu's Armour      Chrm/Ice       ##......     14%         3    ###....

Your spell library contained the following spells:

 Spells                   Type           Power        Failure   Level  Hunger
 Magic Dart               Conj           ##..         4%          1    None
 Blink                    Tloc           N/A          19%         2    #......
 Call Imp                 Summ           #.......     19%         2    #......
 Slow                     Hex            #.......     19%         2    #......
 Conjure Flame            Conj/Fire      #.......     22%         3    ###....
 Mephitic Cloud           Conj/Pois/Air  #.......     26%         3    ###....
 Throw Icicle             Conj/Ice       ###.....     30%         4    ####...
 Summon Ice Beast         Ice/Summ       ##......     43%         4    ####...


Dungeon Overview and Level Annotations

Branches:
Dungeon (3/15)

Altars:
Gozag


Message History

You see here a mace.
Done exploring.
(D) Dungeon
Where to? (? - help)
There is a stone staircase leading up here.
There is a stone staircase leading down here.
You climb downwards.
You hear the sound of rushing water.
There is an entrance to a sewer on this level.
Hurry and find it before the portal rusts away!
There is a stone staircase leading up here.
Found an opulent altar of Gozag.
Found a ration.
You are feeling very hungry.
Found an escape hatch in the ceiling.
e - 6 rations (gained 1)
r - 2 sapphire potions
There is an escape hatch in the ceiling here.
An orc comes into view.
Casting: Freeze (safe; 2% risk of failure)
Confirm with . or Enter, or press ? or * to list all spells.
Aiming: Throw Frost (safe; 4% risk of failure)
Press: ? - help, Shift-Dir - straight line, f - orc
Aim: an orc, wearing a +0 ring mail (resting)
The puff of frost hits the orc.
The orc is heavily wounded.
The orc shouts!
Casting: Throw Frost (safe; 4% risk of failure)
Confirm with . or Enter, or press ? or * to list all spells.
Aiming: Throw Frost (safe; 4% risk of failure)
Press: ? - help, Shift-Dir - straight line, f/p - orc
Aim: an orc, wearing a +0 ring mail (heavily wounded)
The puff of frost hits the orc!
You kill the orc!
Things that are here:
a +0 ring mail; an orc corpse You butcher the orc corpse.
s - 4 chunks of flesh
Things that are here:
a +0 ring mail; an orc skeleton Eat one of 4 chunks of flesh? (ye/n/q)
You eat one of the 4 chunks of flesh.
This raw flesh tastes terrible.
You hear the slow rusting of a very distant drain.
Magic restored.
A centaur comes into view.
Found a stone staircase leading down.
A rat comes into view.
Casting: Throw Frost (safe; 4% risk of failure)
Confirm with . or Enter, or press ? or * to list all spells.
Aiming: Throw Frost (safe; 4% risk of failure)
Press: ? - help, Shift-Dir - straight line, f - rat
Aim: a rat The puff of frost hits the rat!
You kill the rat!
You have reached level 4!
You feel clever.
You start resting.
Magic restored.
Casting: Throw Frost (safe; 4% risk of failure)
Confirm with . or Enter, or press ? or * to list all spells.
A film of ice covers your body!
The centaur wields a +0 shortbow.
The centaur shoots an arrow.
The arrow misses you.
Casting: Ozocubu's Armour (safe; 14% risk of failure)
Confirm with . or Enter, or press ? or * to list all spells.
Aiming: Throw Frost (safe; 4% risk of failure)
Press: ? - help, Shift-Dir - straight line, f - centaur
Aim: a centaur, wielding a +0 shortbow The puff of frost hits the centaur.
The centaur is lightly wounded.
The centaur shoots an arrow.
The arrow hits you!
Casting: Throw Frost (safe; 4% risk of failure)
Confirm with . or Enter, or press ? or * to list all spells.
Aiming: Throw Frost (safe; 4% risk of failure)
Press: ? - help, Shift-Dir - straight line, f/p - centaur
Aim: a centaur, wielding a +0 shortbow (lightly wounded)
The puff of frost misses the centaur.
You hear the slow rusting of a very distant drain.
The centaur shoots an arrow.
The arrow closely misses you.
Casting: Throw Frost (safe; 4% risk of failure)
Confirm with . or Enter, or press ? or * to list all spells.
Aiming: Throw Frost (safe; 4% risk of failure)
Press: ? - help, Shift-Dir - straight line, f/p - centaur
Aim: a centaur, wielding a +0 shortbow (lightly wounded)
The puff of frost misses the centaur.
The centaur shoots an arrow.
The arrow closely misses you.
Casting: Throw Frost (safe; 4% risk of failure)
Confirm with . or Enter, or press ? or * to list all spells.
Aiming: Throw Frost (safe; 4% risk of failure)
Press: ? - help, Shift-Dir - straight line, f/p - centaur
Aim: a centaur, wielding a +0 shortbow (lightly wounded)
The puff of frost hits the centaur!
The centaur is heavily wounded.
The centaur shoots an arrow.
The arrow closely misses you.
A quokka comes into view.
Your icy armour cracks and falls away as you move.
The centaur shoots an arrow.
The arrow hits you!
Ouch! That really hurt!
* * * LOW HITPOINT WARNING * * *
You see here an arrow.
The centaur shoots an arrow.
The arrow hits you.
You die...

###### ####### .....
.....# #..# #.#>#######
###..######.#...@((..#
.......[...###.#####c##
###..####.## ##.......r
#..<# ##.###..###..###
##.#.# ##.#.#.# .....#
##.##.# .....# ####.#
##..####### #.#
##..............#


You could see a centaur.

Vanquished Creatures
  2 adders (D:2)
  2 dart slugs
  2 leopard geckos
  An orc (D:3)
  5 giant cockroaches
  3 goblins
  3 hobgoblins (D:2)
  4 bats
  2 frilled lizards
  4 kobolds
  18 rats
46 creatures vanquished.

Notes
Turn   | Place    | Note
-------+----------+-------------------------------------------
     0 | D:1      | MisterOstroum the Deep Elf Ice Elementalist began the quest
                  | for the Orb.
     0 | D:1      | Reached XP level 1. HP: 10/10 MP: 6/6
   221 | D:1      | Reached XP level 2. HP: 15/15 MP: 6/8
   285 | D:1      | Learned a level 2 spell: Throw Frost
  1218 | D:2      | Reached XP level 3. HP: 19/19 MP: 5/10
  1320 | D:2      | Learned a level 3 spell: Ozocubu's Armour
  2331 | D:3      | Found an opulent altar of Gozag.
  2389 | D:3      | Noticed a centaur
  2392 | D:3      | Reached XP level 4. HP: 24/24 MP: 9/12
  2422 | D:3      | Shot with an arrow by a centaur

Skill      XL: |  1  2  3 |
---------------+----------+-----
Ice Magic      | 4 |  4.2
Spellcasting   | 4 |  4.2
Conjurations   | 2 |  2.2
Dodging        | |  2.4
Stealth        | |  2.4

Action                   |  1- 3 |  4- 6 || total
-------------------------+-------+-------++-------
Melee: Short sword       |    14 |       ||    14
Throw: Stone             |     3 |       ||     3
 Cast: Freeze            |    15 |       ||    15
       Throw Frost       |    39 |     5 ||    44
       Ozocubu's Armour  |       |     1 ||     1
 Stab: Sleeping          |     6 |       ||     6
  Eat: Chunk             |     5 |       ||     5
Armor: Robe              |     2 |       ||     2
Dodge: Dodged            |    10 |     4 ||    14
